 Dungeon Crawl Stone Soup version 0.31-a0-1499-ge0622b2318 (webtiles) character file.

Game seed: 11384940147591613661

246 Curundu the Trooper (level 6, 0/66 HPs)
             Began as an Oni Berserker on Dec 30, 2023.
             Was a Believer of Trog.
             Slain by a hobgoblin
             ... wielding a +0 dagger
              (3 damage)
             ... on level 4 of the Dungeon.
             The game lasted 00:06:40 (2320 turns).

Curundu the Trooper (Oni Berserker)                 Turns: 2320, Time: 00:06:41

Health: 0/66       AC:  4    Str: 24    XL:     6   Next: 11%
Magic:  6/6        EV: 10    Int:  8    God:    Trog [**....]
Gold:   175        SH:  0    Dex:  8    Spells: 5/5 levels left

rFire   . . .        s - +3 quarterstaff (chaos)
rCold   . . .        (shield currently unavailable)
rNeg    . . .        b - +0 animal skin
rPois   .            (helmet restricted)
rElec   .            t - +0 cloak
rCorr   .            (gloves unavailable)
SInv    .            (boots unavailable)
Will    .....        (no amulet)
Stlth   +            (no ring)
HPRegen 0.31/turn    (no ring)
MPRegen 0.10/turn

%: no passive effects
@: on fire, glowing
A: large, unfitting armour, horns 1, tough skin 1, double potion healing,
drunken brawling
a: Renounce Religion, Berserk, Trog's Hand


You were on level 4 of the Dungeon.
You worshipped Trog.
Trog was pleased with you.
You visited 1 branch of the dungeon, and saw 4 of its levels.

You collected 175 gold pieces.

Inventory:

Hand Weapons
 s - a +3 quarterstaff of chaos (weapon)
Missiles
 r - 5 silver javelins
Armour
 b - a +0 animal skin (worn)
 t - a +0 cloak (worn)
Jewellery
 q - a +6 ring of intelligence
Scrolls
 d - 2 scrolls of teleportation {unknown}
 e - a scroll of poison {unknown}
 f - 2 scrolls of enchant armour {unknown}
 j - a scroll of blinking {unknown}
 o - a scroll of revelation {unknown}
 p - 5 scrolls of identify {unknown}
Potions
 c - a potion of mutation {unknown}
 g - a potion of lignification {unknown}
 k - 2 potions of curing {unknown}
 l - a potion of might {unknown}
 m - 2 potions of invisibility {unknown}
 n - a potion of degeneration {unknown}


   Skills:
 + Level 5.4 Fighting
 + Level 1.4(1.5) Maces & Flails
 + Level 4.6 Polearms
 + Level 0.3(3.1) Staves
 + Level 3.7 Dodging
 + Level 0.8 Stealth


You had 5 spell levels left.
You didn't know any spells.
Your spell library was empty.

Dungeon Overview and Level Annotations

Branches:
Dungeon (4/15)
 Temple: D:4-7

Altars:


Innate Abilities, Weirdness & Mutations

You are too large for most types of armour.
You have a pair of small horns on your head.
You have tough skin. (AC +1)
You gain doubled healing and magic from potions.
Whenever you drink a healing potion, you attack all around you.


Message History

The hobgoblin closely misses you.
You barely miss the bombardier beetle.
You headbutt the bombardier beetle, but do no damage.
The liquid fire burns you!
The hobgoblin hits you with a +0 dagger.
The bombardier beetle bites you.
You barely miss the bombardier beetle.
You headbutt the bombardier beetle, but do no damage.
The liquid fire burns you!
The ball python bites you but does no damage.
The hobgoblin hits you with a +0 dagger.
The ball python bites you but does no damage.
The bombardier beetle bites you but does no damage.
You hit the bombardier beetle. You freeze the bombardier beetle.
You headbutt the bombardier beetle.
The bombardier beetle is moderately wounded.
The liquid fire burns you!
The hobgoblin hits you but does no damage.
The ball python bites you.
The hobgoblin hits you with a +0 dagger.
* * * LOW HITPOINT WARNING * * *
You hit the bombardier beetle.
The bombardier beetle suddenly seems more resistant.
The bombardier beetle is severely wounded.
The liquid fire burns you!
* * * LOW HITPOINT WARNING * * *
The ball python barely misses you. The bombardier beetle bites you.
* * * LOW HITPOINT WARNING * * *
The hobgoblin hits you with a +0 dagger.
* * * LOW HITPOINT WARNING * * *
The ball python barely misses you.
You sock the bombardier beetle!
You kill the bombardier beetle!
Trog accepts your kill. The liquid fire burns you!
* * * LOW HITPOINT WARNING * * *
The ball python bites you.
* * * LOW HITPOINT WARNING * * *
The hobgoblin hits you with a +0 dagger.
You die...

#..## #####..###...
#...#+#.......# ...
+#........##.....###
##........###.#.###
####.........# #..##
........⌠...#+ #..#
#.........# #..#
##.gS..†..###..#
#$..'#.@......##..#
#... #...#+#.....##
##. #..## #####.# #
#.## #.# #. #.####
#.#########....#
..............##
##............#
..#.........#


You could see a hobgoblin and a ball python.

Vanquished Creatures
  A phantom (D:4)
  A howler monkey (D:4)
  A bombardier beetle (D:4)
  Crazy Yiuf (D:3)
  An iguana (D:4)
  A gnoll (D:1)
  3 adders
  2 dart slugs
  A ball python (D:1)
  An endoplasm (D:2)
  A giant cockroach (D:3)
  5 goblins
  4 hobgoblins
  3 jackals (D:2)
  8 kobolds
  3 quokkas
  A bat (D:1)
  6 frilled lizards
  2 rats
46 creatures vanquished.

Notes
Turn   | Place    | Note
-------+----------+-------------------------------------------
     0 | D:1      | Curundu the Oni Berserker began the quest for the Orb.
     0 | D:1      | Reached XP level 1. HP: 24/24 MP: 1/1
   104 | D:1      | Reached XP level 2. HP: 23/33 MP: 2/2
   425 | D:1      | Reached XP level 3. HP: 40/40 MP: 3/3
  1035 | D:2      | Reached ** piety under Trog
  1090 | D:2      | Identified the orb "Cuhiudau" {light, rPois Air}
  1483 | D:3      | Identified the +0 ring mail "Qall" {rF+}
  1539 | D:3      | Found a runed translucent door.
  1542 | D:3      | Noticed Crazy Yiuf
  1611 | D:3      | Reached XP level 4. HP: 49/49 MP: 4/4
  2089 | D:3      | Killed Crazy Yiuf
  2090 | D:3      | Reached skill level 5 in Fighting
  2244 | D:4      | Reached XP level 5. HP: 47/57 MP: 5/5
  2293 | D:4      | Reached skill level 1 in Maces & Flails
  2302 | D:4      | Noticed a phantom
  2314 | D:4      | Killed a phantom
  2315 | D:4      | Reached XP level 6. HP: 50/66 MP: 6/6
  2320 | D:4      | HP: 3/66 [ball python (2)]
  2320 | D:4      | Slain by a hobgoblin

Illustrated notes

Levels and vault maps discovered:
D:1:      psy_arrival_whirlpool, layout_loops_ring, minmay_octomino_e4
D:2:      layout_basic, grunt_decor_arrowhead
D:3:      layout_basic, minmay_misc_feat_doors, uniq_crazy_yiuf_cottage
D:4:      layout_cave_pods, minmay_pentangle

Skill      XL: |  1  2  3  4  5 |
---------------+----------------+-----
Dodging        | 3 |  3.7
Polearms       | 4 |  4.6
Fighting       | 5 |  5.4
Maces & Flails | 1 |  1.4
Staves         | |  0.3
Stealth        | |  0.8

Action                     |  1- 3 |  4- 6 || total
---------------------------+-------+-------++-------
  Melee: Spear             |    93 |       ||    93
         Headbutt          |    17 |     9 ||    26
         Punch             |     1 |       ||     1
         Mace              |     2 |    20 ||    22
         Quarterstaff      |       |    16 ||    16
 Armour: Animal skin       |    51 |    35 ||    86
  Dodge: Dodged            |    59 |    31 ||    90

Table legend: (Time is in decaauts)
 A = Elapsed time spent in this place.
 B = Non-inter-level travel time spent in this place.
 C = Inter-level travel time spent in this place.
 D = Time resting spent in this place.
 E = Time spent auto-exploring this place.
 F = Levels seen in this place.
 G = Mean time per level.
                   A        B        C        D        E       F      G
               +--------+--------+--------+--------+--------+-----+--------+
         Total |   2322 |   2322 |      0 |      0 |   1763 |   4 |  580.5 |
       Dungeon |   2322 |   2322 |      0 |      0 |   1763 |   4 |  580.5 |
               +--------+--------+--------+--------+--------+-----+--------+

Top non-repeatable levels by time:
     D:1: 787 daAuts
     D:3: 762 daAuts
     D:2: 675 daAuts
     D:4: 97 daAuts
